 Dungeon Crawl Stone Soup version 0.31-a0-180-g519b7de00c (webtiles) character file.

Game seed: 858826093813429494

14822 qw the Cleaver (level 12, -1/76 HPs)
             Began as a Gargoyle Fighter on June 19, 2023.
             Was an Elder of Okawaru.
             Slain by a death yak (3 damage)
             ... on level 2 of the Lair of Beasts.
             The game lasted 00:04:51 (10255 turns).

qw the Cleaver (Gargoyle Fighter)                  Turns: 10255, Time: 00:04:52

Health: -1/76      AC: 25    Str: 23    XL:     12   Next: 20%
Magic:  15/15      EV:  8    Int: 11    God:    Okawaru [****..]
Gold:   472        SH: 17    Dex:  9    Spells: 11/11 levels left

rFire   + . .        s - +0 war axe
rCold   . . .        p - +0 kite shield
rNeg    + . .        w - +0 plate armour
rPois   inf          (no helmet)
rElec   +            (no cloak)
rCorr   +            g - +0 pair of gloves
SInv    .            (no boots)
Will    .....        h - amulet of reflection Stlth
                     q - ring of protection from fire
HPRegen 0.32/turn    m - ring of resist corrosion
MPRegen 0.14/turn

%: reflection
@: about to teleport, heroic
A: sickness immunity, AC +8, negative energy resistance 1, electricity
resistance, torment resistance 1, petrification resistance
a: Renounce Religion, Heroism, Finesse


You were on level 2 of the Lair of Beasts.
You worshipped Okawaru.
Okawaru was greatly pleased with you.
You visited 3 branches of the dungeon, and saw 12 of its levels.

You collected 472 gold pieces.


Innate Abilities, Weirdness & Mutations

You are immune to sickness and miasma.
Your stone body is resilient. (AC +8)
You are immune to poison.
You resist negative energy. (rN+)
You are resistant to electric shocks. (rElec)
You are resistant to unholy torment.
You are immune to petrification.


   Skills:
 - Level 9.2(14.2) Fighting
 - Level 12.0(17.0) Axes
 - Level 4.3(9.3) Throwing
 + Level 7.1(12.1) Armour
 - Level 1.9(6.9) Dodging
 - Level 10.0(15.0) Shields
 + Level 4.3 Invocations


You had 11 spell levels left.
You didn't know any spells.
Your spell library was empty.

Inventory:

Hand Weapons
 c - a +0 morningstar
 s - a +0 war axe (weapon)
Missiles
 n - 2 javelins (quivered)
Armour
 g - a +0 pair of gloves (worn)
 p - a +0 kite shield (worn)
 w - a +0 plate armour (worn)
Jewellery
 h - an amulet of reflection (around neck)
 m - a ring of resist corrosion (right hand)
 q - a ring of protection from fire (left hand)
Scrolls
 j - a scroll of identify
 k - 10 scrolls of teleportation
Potions
 a - 2 potions of heal wounds
 b - a potion of enlightenment
 d - 5 potions of might
 e - 3 potions of curing
 f - a potion of lignification
 i - 3 potions of haste
 l - a potion of magic {unknown}
 o - a potion of degeneration {unknown}
 r - a potion of resistance {unknown}
 t - a potion of attraction {unknown}
 v - a potion of invisibility {unknown}
 x - a potion of mutation {unknown}

Dungeon Overview and Level Annotations

Branches:
Dungeon (9/15)             Temple (1/1) D:5            Lair (2/5) D:9
  Swamp (0/4) Lair:2          Orc (0/2) D:9
  Snake: Lair:2-3    Spider: Lair:2-3

Altars:
Ashenzari
Cheibriados
Dithmenos
Fedhas
Gozag
Hepliaklqana
Kikubaaqudgha
Makhleb
Okawaru
Qazlal
Ru
Sif Muna
Trog
Uskayaw
Vehumet
Xom
Yredelemnul
Zin
The Shining One


Message History

The death yak is severely wounded.
You slash the fungus! You slash the death yak!
You block the death yak's attack. x2
You hit the death yak.
The death yak is severely wounded.
You slash the death yak! You hit the fungus. You block the death yak's attack.
The death yak gores you.
You slash the death yak!
The death yak is almost dead.
You slash the fungus! You hit the death yak. You hit the death yak.
The death yak is almost dead.
You barely miss the death yak. You completely miss the fungus.
A nearby fungus withers and dies.
The death yak gores you!
You slash the death yak!
The death yak is almost dead.
You hit the death yak but do no damage. The death yak gores you.
The death yak gores you!
You slash the death yak!
You kill the death yak!
Okawaru is honoured by your kill.
You can now speed up your combat.
You hit the death yak. You completely miss the death yak.
You hit the death yak. The death yak gores you!!
The death yak gores you but does no damage.
Your base Axes skill increases to level 12!
You slash the death yak!
The death yak is heavily wounded.
You hit the death yak but do no damage. You hit the death yak. x2
You hit the death yak but do no damage.
The death yak is heavily wounded.
You hit the death yak but do no damage. You hit the death yak.
You hit the death yak but do no damage. The death yak gores you.
You block the death yak's attack. The death yak gores you! x2
10255 ||| READING 11 scrolls of teleportation.
As you read the scroll of teleportation, it crumbles to dust.
You feel strangely unstable. You block the death yak's attack.
The death yak gores you. You block the death yak's attack.
The death yak gores you.
You die...

#.........##
#.........#
#........##
##.........#
#.........##
###........#
##.#...)..##
#.#Y..?...#
##@Y.......#
#YY......##
##.[....##
#.......#
..........
P........#
.......
#.....(


You could see 4 death yaks.

Vanquished Creatures
  Harold (D:9)
  A hydra (Lair:1)
  A two-headed ogre (D:8)
  2 death yaks
  2 black mambas (Lair:1)
  4 cane toads (Lair:1)
  2 rime drakes
  3 kobold demonologists (D:9)
  3 komodo dragons
  A troll (D:9)
  A hornet (D:9)
  A blink frog (Lair:1)
  A dream sheep (Lair:1)
  4 wyverns
  A shadow (D:9)
  4 yaks (D:9)
  A steam dragon (D:7)
  3 basilisks
  Menkaure (D:5)
  5 water moccasins
  5 orc warriors
  2 sky beasts (D:8)
  3 ice beasts
  A swamp drake (D:8)
  4 black bears
  6 wolves (Lair:1)
  2 phantoms
  7 kobold brigands
  A gnoll sergeant (D:6)
  7 bullfrogs
  6 scorpions
  12 killer bees
  A howler monkey (D:7)
  2 hounds (D:6)
  3 orc priests
  2 sleepcaps
  7 iguanas
  Terence (D:2)
  Natasha (D:3)
  8 orc wizards
  3 gnolls (D:6)
  9 adders
  A white imp (D:6)
  3 ufetubi
  A worm (D:3)
  4 dart slugs
  29 orcs
  6 ball pythons
  6 endoplasms
  A giant cockroach (D:1)
  7 goblins
  7 hobgoblins
  7 jackals (D:5)
  A quokka (D:2)
  6 bats
  4 frilled lizards
  50 kobolds
  6 rats
274 creatures vanquished.

Notes
Turn   | Place    | Note
-------+----------+-------------------------------------------
     0 | D:1      | qw the Gargoyle Fighter began the quest for the Orb.
     0 | D:1      | Reached XP level 1. HP: 14/14 MP: 1/1
     0 | D:1      | 0 ||| qw: Version: 0.3-a-7-ge0c9b40
     0 | D:1      | 0 ||| qw: Game counter: 935
     0 | D:1      | 0 ||| qw: Always use a shield: true
     0 | D:1      | 0 ||| qw: God list: Okawaru
     0 | D:1      | 0 ||| qw: Allow faded altars: false
     0 | D:1      | 0 ||| qw: Do Orc after D:15 true
     0 | D:1      | 0 ||| qw: Do second Lair branch before Depths: true
     0 | D:1      | 0 ||| qw: Lair rune preference: random
     0 | D:1      | 0 ||| qw: Plans: Normal, Zot:1-4, Slime:5, God:TSO, Crypt,
                  | Tomb, Abyss, Pan, Hells, Win
     0 | D:1      | 0 ||| PLANNING D:1-11
    54 | D:1      | Reached skill level 2 in Axes
    84 | D:1      | 84 ||| Stepping ~*~*~tactically~*~*~ (stealth).
    86 | D:1      | 86 ||| Stepping ~*~*~tactically~*~*~ (stealth).
    92 | D:1      | Reached XP level 2. HP: 19/19 MP: 2/2
    94 | D:1      | 94 ||| Stepping ~*~*~tactically~*~*~ (stealth).
    95 | D:1      | 95 ||| Stepping ~*~*~tactically~*~*~ (stealth).
   126 | D:1      | 126 ||| Stepping ~*~*~tactically~*~*~ (stealth).
   269 | D:1      | Reached skill level 3 in Axes
   457 | D:1      | Reached XP level 3. HP: 21/23 MP: 3/3
   466 | D:1      | Found a faded altar of an unknown god.
   525 | D:1      | 525 ||| READING scroll labelled TYUHUB OCYT.
   526 | D:1      | 526 ||| READING scroll labelled GAMOTE PIOHE.
   527 | D:1      | 527 ||| READING 2 scrolls labelled DEFERH ZOAH.
   528 | D:1      | 528 ||| READING scroll labelled INULOM UNEFFARPH.
   529 | D:1      | 529 ||| READING scroll labelled VUSYESCHIKIU.
   530 | D:1      | 530 ||| DRINKING 2 amethyst potions.
  1107 | D:2      | 1107 ||| Stepping ~*~*~tactically~*~*~ (hiding).
  1108 | D:2      | 1108 ||| Stepping ~*~*~tactically~*~*~ (hiding).
  1674 | D:2      | Noticed Terence
  1682 | D:2      | Killed Terence
  1683 | D:2      | Reached skill level 4 in Axes
  1683 | D:2      | Reached XP level 4. HP: 28/28 MP: 4/4
  1740 | D:2      | 1740 ||| UPGRADING to +0 chain mail.
  1750 | D:2      | 1750 ||| DROPPING +0 scale mail.
  1751 | D:2      | 1751 ||| UPGRADING to amulet of reflection.
  1756 | D:2      | 1756 ||| READING 3 scrolls labelled COKLOONW ULUGI.
  1760 | D:2      | 1760 ||| DRINKING 2 sedimented black potions.
  1920 | D:3      | 1920 ||| Stepping ~*~*~tactically~*~*~ (hiding).
  1937 | D:3      | 1937 ||| DROPPING +0 club.
  2446 | D:3      | Noticed Natasha
  2447 | D:3      | 2447 ||| Stepping ~*~*~tactically~*~*~ (hiding).
  2455 | D:3      | Killed Natasha
  2689 | D:3      | 2689 ||| UPGRADING to +0 kite shield.
  2699 | D:3      | 2699 ||| DROPPING +0 buckler.
  2700 | D:3      | 2700 ||| READING scroll labelled BUSTRO JIUCSEE.
  2801 | D:4      | Noticed a scorpion
  2808 | D:4      | Killed a scorpion
  2809 | D:4      | Reached XP level 5. HP: 30/32 MP: 5/5
  2885 | D:4      | Found a shadowy altar of Dithmenos.
  2904 | D:4      | Reached XP level 6. HP: 36/37 MP: 6/6
  2912 | D:4      | 2912 ||| Stepping ~*~*~tactically~*~*~ (stealth).
  3022 | D:4      | Found an opulent altar of Gozag.
  3143 | D:4      | 3143 ||| Stepping ~*~*~tactically~*~*~ (stealth).
  3146 | D:4      | 3146 ||| Stepping ~*~*~tactically~*~*~ (hiding).
  3158 | D:4      | 3158 ||| Stepping ~*~*~tactically~*~*~ (stealth).
  3168 | D:4      | Found a sacrificial altar of Ru.
  3169 | D:4      | 3169 ||| Stepping ~*~*~tactically~*~*~ (hiding).
  3191 | D:4      | Reached skill level 5 in Axes
  3192 | D:4      | 3192 ||| Stepping ~*~*~tactically~*~*~ (stealth).
  3239 | D:4      | 3239 ||| Stepping ~*~*~tactically~*~*~ (hiding).
  3360 | D:4      | Found a stormy altar of Qazlal.
  3564 | D:4      | 3564 ||| UPGRADING to ring of protection from fire.
  3565 | D:4      | 3565 ||| READING scroll labelled IGYKEBB WIEDUPT.
  3566 | D:4      | 3566 ||| DRINKING 2 orange potions.
  3567 | D:4      | 3567 ||| READING 2 scrolls of identify.
  3567 | D:4      | 3567 ||| IDENTIFYING murky purple potion
  3568 | D:4      | 3568 ||| DROPPING potion of brilliance.
  3582 | D:5      | Entered Level 5 of the Dungeon
  3613 | D:5      | Noticed a black bear
  3615 | D:5      | 3615 ||| Stepping ~*~*~tactically~*~*~ (stealth).
  3623 | D:5      | Noticed an ice beast
  3626 | D:5      | Killed a black bear
  3627 | D:5      | Reached XP level 7. HP: 35/44 MP: 7/7
  3697 | D:5      | 3697 ||| DROPPING +0 mace.
  3832 | D:5      | Noticed Menkaure
  3833 | D:5      | 3833 ||| Stepping ~*~*~tactically~*~*~ (hiding).
  3840 | D:5      | Killed Menkaure
  3841 | D:5      | Reached skill level 6 in Axes
  3921 | D:5      | 3921 ||| Stepping ~*~*~tactically~*~*~ (stealth).
  3941 | D:5      | 3941 ||| DROPPING +0 hand axe.
  3949 | D:5      | Found a staircase to the Ecumenical Temple.
  3950 | D:5      | 3950 ||| PLANNING TEMPLE
  3958 | Temple   | Entered the Ecumenical Temple
  3980 | Temple   | 3980 ||| PLANNING OKAWARU WORSHIP
  4144 | Temple   | Became a worshipper of Warmaster Okawaru
  4145 | Temple   | 4145 ||| PLANNING D:1-11
  4284 | D:5      | Reached skill level 6 in Shields
  4284 | D:5      | Reached XP level 8. HP: 43/48 MP: 8/8
  4501 | D:5      | 4501 ||| DROPPING amulet of magic regeneration.
  4528 | D:6      | 4528 ||| STAIRDANCE
  4531 | D:5      | Reached skill level 1 in Dodging
  4604 | D:6      | Found a blossoming altar of Fedhas.
  4638 | D:6      | Reached skill level 7 in Axes
  4738 | D:6      | Reached * piety under Okawaru
  4780 | D:6      | 4780 ||| FLEEEEING.
  4781 | D:6      | 4781 ||| FLEEEEING.
  4786 | D:6      | 4786 ||| FLEEEEING.
  4787 | D:6      | 4787 ||| FLEEEEING.
  4788 | D:6      | 4788 ||| FLEEEEING.
  4789 | D:6      | 4789 ||| FLEEEEING.
  4792 | D:6      | 4792 ||| FLEEEEING.
  4793 | D:6      | 4793 ||| FLEEEEING.
  4794 | D:6      | 4794 ||| FLEEEEING.
  4819 | D:6      | 4819 ||| INVOKING Heroism.
  4823 | D:6      | Reached skill level 1 in Invocations
  5218 | D:6      | Reached skill level 1 in Throwing
  5326 | D:6      | Reached skill level 3 in Invocations
  5326 | D:6      | Reached XP level 9. HP: 54/54 MP: 11/11
  5506 | D:6      | 5506 ||| INVOKING Heroism.
  5596 | D:6      | 5596 ||| UPGRADING to ring of resist corrosion.
  5597 | D:6      | 5597 ||| READING scroll labelled FINATS ZA ZARO.
  5598 | D:6      | 5598 ||| READING 2 scrolls of identify.
  5598 | D:6      | 5598 ||| IDENTIFYING fizzy black potion
  6056 | D:7      | 6056 ||| Stepping ~*~*~tactically~*~*~ (stealth).
  6060 | D:7      | 6060 ||| Stepping ~*~*~tactically~*~*~ (hiding).
  6078 | D:7      | 6078 ||| Stepping ~*~*~tactically~*~*~ (hiding).
  6079 | D:7      | 6079 ||| Stepping ~*~*~tactically~*~*~ (hiding).
  6083 | D:7      | 6083 ||| Stepping ~*~*~tactically~*~*~ (hiding).
  6117 | D:7      | 6117 ||| Stepping ~*~*~tactically~*~*~ (stealth).
  6119 | D:7      | 6119 ||| Stepping ~*~*~tactically~*~*~ (hiding).
  6286 | D:7      | 6286 ||| INVOKING Heroism.
  6299 | D:7      | Reached skill level 8 in Axes
  6304 | D:7      | 6304 ||| INVOKING Heroism.
  6750 | D:7      | 6750 ||| READING scroll labelled MEXUNU JOJEEBB.
  6751 | D:7      | 6751 ||| READING scroll labelled WUROTO WYLETU.
  6840 | D:8      | 6840 ||| Stepping ~*~*~tactically~*~*~ (hiding).
  6841 | D:8      | 6841 ||| Stepping ~*~*~tactically~*~*~ (hiding).
  6842 | D:8      | 6842 ||| Stepping ~*~*~tactically~*~*~ (hiding).
  6844 | D:8      | 6844 ||| Stepping ~*~*~tactically~*~*~ (hiding).
  6845 | D:8      | 6845 ||| Stepping ~*~*~tactically~*~*~ (hiding).
  6846 | D:8      | 6846 ||| INVOKING Heroism.
  6851 | D:8      | Reached skill level 6 in Fighting
  7145 | D:8      | 7145 ||| INVOKING Heroism.
  7147 | D:8      | HP: 12/55 [killer bee (4)]
  7148 | D:8      | 7148 ||| READING 9 scrolls of teleportation.
  7149 | D:8      | 7149 ||| DRINKING 3 potions of heal wounds.
  7506 | D:8      | Found a basalt altar of Yredelemnul.
  7518 | D:8      | Found a glowing golden altar of the Shining One.
  7520 | D:8      | Noticed an angel
  7529 | D:8      | Noticed a two-headed ogre
  7530 | D:8      | 7530 ||| INVOKING Heroism.
  7532 | D:8      | Reached skill level 9 in Axes
  7538 | D:8      | Killed a two-headed ogre
  7538 | D:8      | Reached ** piety under Okawaru
  7539 | D:8      | Reached XP level 10. HP: 37/64 MP: 11/13
  7724 | D:8      | 7724 ||| READING scroll labelled YBLOUQ REILIV.
  7849 | D:9      | Noticed a kobold demonologist
  7849 | D:9      | Noticed a kobold demonologist
  7856 | D:9      | Noticed a rust devil
  7857 | D:9      | 7857 ||| INVOKING Heroism.
  7862 | D:9      | Killed a kobold demonologist
  7863 | D:9      | Reached skill level 3 in Throwing
  7869 | D:9      | Noticed an orange demon
  7870 | D:9      | Killed a kobold demonologist
  7872 | D:9      | 7872 ||| INVOKING Heroism.
  7885 | D:9      | Reached *** piety under Okawaru
  7903 | D:9      | 7903 ||| INVOKING Heroism.
  8023 | D:9      | Identified the +0 chain mail of Ocsilan {rElec}
  8069 | D:9      | 8069 ||| Stepping ~*~*~tactically~*~*~ (stealth).
  8071 | D:9      | 8071 ||| Stepping ~*~*~tactically~*~*~ (hiding).
  8079 | D:9      | Reached skill level 9 in Shields
  8143 | D:9      | 8143 ||| INVOKING Heroism.
  8163 | D:9      | Noticed Harold
  8164 | D:9      | 8164 ||| Stepping ~*~*~tactically~*~*~ (hiding).
  8168 | D:9      | 8168 ||| INVOKING Heroism.
  8183 | D:9      | Killed Harold
  8340 | D:9      | 8340 ||| Stepping ~*~*~tactically~*~*~ (stealth).
  8341 | D:9      | Identified the +4 flail "Ozybir" {flame, rElec}
  8347 | D:9      | 8347 ||| DROPPING +4 flail "Ozybir" {flame, rElec}.
  8355 | D:9      | 8355 ||| INVOKING Heroism.
  8359 | D:9      | Reached skill level 10 in Axes
  8384 | D:9      | Reached XP level 11. HP: 43/68 MP: 14/14
  8387 | D:9      | 8387 ||| INVOKING Heroism.
  8413 | D:9      | Reached skill level 11 in Axes
  8461 | D:9      | Found a staircase to the Lair.
  8495 | D:9      | 8495 ||| Stepping ~*~*~tactically~*~*~ (hiding).
  8499 | D:9      | 8499 ||| INVOKING Heroism.
  8548 | D:9      | Found a staircase to the Orcish Mines.
  8571 | D:9      | 8571 ||| Stepping ~*~*~tactically~*~*~ (hiding).
  8573 | D:9      | 8573 ||| INVOKING Heroism.
  8588 | D:9      | 8588 ||| Stepping ~*~*~tactically~*~*~ (hiding).
  8674 | D:9      | 8674 ||| INVOKING Heroism.
  8768 | D:9      | 8768 ||| INVOKING Heroism.
  9033 | D:9      | 9033 ||| PLANNING LAIR
  9033 | D:9      | 9033 ||| UPGRADING to +0 plate armour.
  9043 | D:9      | 9043 ||| DROPPING +0 chain mail.
  9044 | D:9      | 9044 ||| DROPPING +0 chain mail of Ocsilan {rElec}.
  9045 | D:9      | 9045 ||| READING scroll labelled SOXOJY LYRUDE.
  9046 | D:9      | 9046 ||| READING 2 scrolls of identify.
  9046 | D:9      | 9046 ||| IDENTIFYING golden potion
  9047 | D:9      | 9047 ||| DROPPING potion of ambrosia.
  9080 | Lair:1   | Entered Level 1 of the Lair of Beasts
  9081 | Lair:1   | 9081 ||| PLANNING GAUNTLET
  9085 | Lair:1   | 9085 ||| INVOKING Heroism.
  9117 | Lair:1   | 9117 ||| INVOKING Heroism.
  9156 | Lair:1   | 9156 ||| INVOKING Heroism.
  9175 | Lair:1   | 9175 ||| DROPPING +1 flail of draining.
  9177 | Lair:1   | 9177 ||| INVOKING Heroism.
  9180 | Lair:1   | Reached skill level 6 in Armour
  9403 | Lair:1   | 9403 ||| INVOKING Heroism.
  9428 | Lair:1   | 9428 ||| INVOKING Heroism.
  9514 | Lair:1   | Noticed an eight-headed hydra
  9515 | Lair:1   | 9515 ||| INVOKING Heroism.
  9517 | Lair:1   | 9517 ||| SWAPPING to +0 morningstar.
  9524 | Lair:1   | Killed an eight-headed hydra
  9524 | Lair:1   | Reached **** piety under Okawaru
  9525 | Lair:1   | 9525 ||| SWAPPING to +0 war axe.
  9526 | Lair:1   | 9526 ||| RIP GAUNTLET
  9530 | Lair:1   | 9530 ||| PLANNING LAIR
  9676 | Lair:1   | 9676 ||| DROPPING +0 war axe of chaos.
  9712 | Lair:1   | Received a gift from Okawaru
  9714 | Lair:1   | 9714 ||| INVOKING Heroism.
  9727 | Lair:1   | Reached skill level 9 in Fighting
  9822 | Lair:1   | 9822 ||| INVOKING Heroism.
  9952 | Lair:1   | 9952 ||| UPGRADING to +0 pair of gloves.
  9967 | Lair:1   | 9967 ||| INVOKING Heroism.
 10011 | Lair:1   | Noticed a death yak
 10012 | Lair:1   | 10012 ||| INVOKING Heroism.
 10028 | Lair:1   | Killed a death yak
 10029 | Lair:1   | Reached XP level 12. HP: 76/76 MP: 15/15
 10039 | Lair:1   | 10039 ||| INVOKING Heroism.
 10056 | Lair:1   | 10056 ||| INVOKING Heroism.
 10158 | Lair:2   | Found a staircase to the Swamp.
 10163 | Lair:2   | 10163 ||| INVOKING Heroism.
 10239 | Lair:2   | Noticed a death yak
 10240 | Lair:2   | 10240 ||| INVOKING Heroism.
 10240 | Lair:2   | Noticed a death yak
 10241 | Lair:2   | Noticed a death yak
 10242 | Lair:2   | Noticed a death yak
 10243 | Lair:2   | Noticed a death yak
 10252 | Lair:2   | Killed a death yak
 10253 | Lair:2   | Reached skill level 12 in Axes
 10254 | Lair:2   | HP: 17/76 [death yak (8)]
 10254 | Lair:2   | HP: 3/76 [death yak (14)]
 10255 | Lair:2   | 10255 ||| READING 11 scrolls of teleportation.
 10255 | Lair:2   | Slain by a death yak

Levels and vault maps discovered:
D:1:      amcnicky_arrival_underground_garden, layout_rooms,
          hellmonk_ecumenical_altar_pennies_from_heaven, serial_corexii_hall,
          corexii_hall_statues_i, corexii_hall_statues_l
D:2:      layout_basic, uniq_terence
D:3:      layout_loops_corners, uniq_natasha, uniq_crazy_yiuf_cottage
D:4:      layout_basic, grunt_dithmenos_smoke,
          nicolae_ru_great_annihilating_truth, lemuel_tele_altar,
          grunt_qazlal_sundering
D:5:      layout_layer_cave, minmay_temple_entry_nine_rooms, uniq_menkaure
D:6:      layout_basic, nicolae_overflow_crystal_walls, dk_vineyard_2,
          hex_large, hangedman_decor_opposing, grunt_decor_junction
D:7:      kennysheep_kobold_camp, layout_basic
D:8:      layout_gridville, grunt_temple_overflow_holy_war, minivault_25
D:9:      layout_roguey, minmay_lair_entry_grove, orc_0_dummy,
          grunt_ministairs_5, uniq_harold
Temple:   chequers_temple_sunken
Lair:1:   layout_gridlike, gauntlet_entry_generic, minmay_shattered_shrine,
          infiniplex_staircase_pool_2
Lair:2:   layout_cave_shapes, minmay_swamp_entry_reptiles,
          nicolae_spider_entry_lesser_pyramids

Skill      XL: |  1  2  3  4  5  6  7  8  9 10 11 12 |
---------------+-------------------------------------+-----
Axes           | 2 3 4 5 6 7 9 10 11 12 | 12.0
Shields        | 4 5 6 8 9 10 | 10.0
Fighting       | 4 5 7 8 9 |  9.2
Dodging        | 1 |  1.9
Invocations    | 3 4 |  4.3
Throwing       | 1 2 3 4 |  4.3
Armour         | 4 7 |  7.1

Action                     |  1- 3 |  4- 6 |  7- 9 | 10-12 || total
---------------------------+-------+-------+-------+-------++-------
  Melee: War axe           |    74 |   108 |   307 |   341 ||   830
         Morningstar       |       |       |       |     7 ||     7
  Throw: Javelin           |       |       |    42 |    36 ||    78
 Invoke: Heroism           |       |       |     7 |    26 ||    33
    Use: Scroll            |     5 |     4 |     5 |     4 ||    18
         Potion            |     1 |     2 |     1 |       ||     4
   Stab: Paralysed         |       |     2 |     3 |       ||     5
         Confused          |       |       |     1 |       ||     1
 Armour: Scale mail        |    30 |       |       |       ||    30
         Chain mail        |       |    65 |   181 |    44 ||   290
         Plate armour      |       |       |       |    33 ||    33
  Dodge: Dodged            |    27 |    36 |   123 |    58 ||   244
  Block: Buckler           |    10 |    11 |       |       ||    21
         Kite shield       |       |    73 |   280 |   262 ||   615
         Reflection        |       |     1 |     7 |     5 ||    13

Table legend:
 A = Non-vault XP
 B = Vault XP
 C = Vault XP percentage of total XP
 D = Non-vault monster count
 E = Vault monster count
 F = Vault count percentage of total count
                 A         B        C        D         E       F
            +---------+---------+-------+---------+---------+-------
      Total |   12683 |    8492 |  40.1 |     211 |      64 |  23.3
            +---------+---------+-------+---------+---------+-------
        D:1 |      36 |       0 |   0.0 |      22 |       0 |   0.0
        D:2 |      29 |      36 |  55.4 |      11 |       1 |   8.3
        D:3 |      26 |      35 |  57.4 |      13 |       1 |   7.1
        D:4 |     308 |      40 |  11.5 |      16 |       4 |  20.0
        D:5 |     713 |     169 |  19.2 |      34 |       1 |   2.9
        D:6 |    1113 |       0 |   0.0 |      26 |       0 |   0.0
        D:7 |     790 |     125 |  13.7 |      12 |      21 |  63.6
        D:8 |    2011 |       0 |   0.0 |      22 |       0 |   0.0
        D:9 |    2106 |    3919 |  65.0 |      32 |      23 |  41.8
     Lair:1 |    4200 |    3701 |  46.8 |      20 |       9 |  31.0
     Lair:2 |    1351 |     467 |  25.7 |       3 |       4 |  57.1
            +---------+---------+-------+---------+---------+-------
